EL
COLORADO (EL) ROCKIES @ ALTOONA CURVE
07/31/2047
 
TOP OF THE 1ST
Colorado (EL) Rockies batting - Pitching for Altoona Curve : LHP Phil DeCamp
Pitching: LHP Phil DeCamp
Batting: RHB Scott Schwartz 0-0: Ball
1-0: Ground out 4-3 (Groundball, 4, EV 105.6 MPH)
Batting: RHB Zach Sommer 0-0: Called Strike
0-1: Called Strike
0-2: Ball
1-2: Ground out 5-3 (Groundball, 56, EV 101.2 MPH)
Batting: RHB Seth Daniel 0-0: Ball
1-0: SINGLE (Popup, 5D, EV 57.5 MPH)
Batting: LHB Paul McClintock 0-0: Ball
Wild Pitch!
Seth Daniel to second
1-0: 2-RUN HOME RUN (Line Drive, 89XD, EV 110.0 MPH), Distance : 432 ft
Batting: LHB Tim Mulholland 0-0: Ball
1-0: Foul Ball, location: 2F
1-1: SINGLE (Groundball, 3S, EV 72.5 MPH) (infield hit)
Batting: RHB Andy Schuett 0-0: Called Strike
0-1: Swinging Strike
0-2: Ball
1-2: Strikes out looking
Top of the 1st over - 2 runs, 3 hits, 0 errors, 1 left on base; Colorado (EL) 2 - Altoona 0
BOTTOM OF THE 1ST
Altoona Curve batting - Pitching for Colorado (EL) Rockies : RHP Zach Sommer
Pitching: RHP Zach Sommer
Batting: LHB Joe Hoover 0-0: Ground out 4-3 (Groundball, 34D, EV 89.4 MPH)
Batting: RHB Jose Almonte 0-0: Called Strike
0-1: Foul Ball, location: 2F
0-2: Strikes out swinging passed ball, reaches first!
Batting: RHB Zach Chmieleski 0-0: Foul Ball, location: 2F
0-1: Swinging Strike
0-2: Strikes out swinging
Batting: SHB Mike Corley 0-0: Called Strike
0-1: SINGLE (Groundball, 34, EV 101.9 MPH) (infield hit)
Jose Almonte to second
Batting: RHB John Goynes 0-0: SINGLE (Groundball, 4MD, EV 99.4 MPH)
Jose Almonte to third
Mike Corley to second
Runner from 3rd tries for Home, SAFE, throw by CF to home
Batting: RHB Chris McCoy 0-0: Fielders Choice at 2nd, 6-4 (Groundball, 6, EV 81.9 MPH)
Bottom of the 1st over - 1 run, 2 hits, 0 errors, 2 left on base; Colorado (EL) 2 - Altoona 1
TOP OF THE 2ND
Colorado (EL) Rockies batting - Pitching for Altoona Curve : LHP Phil DeCamp
Batting: LHB Jay Fenderson 0-0: Ground out 5-3 (Groundball, 5L, EV 106.2 MPH)
Batting: SHB Jerry Massey 0-0: Called Strike
0-1: Fly out, F8 (Line Drive, 8RD, EV 91.2 MPH)
Batting: RHB Peter Wheeler 0-0: Foul Ball, location: 2F
0-1: Fly out, F6 (Line Drive, 6, EV 69.4 MPH)
Top of the 2nd over - 0 runs, 0 hits, 0 errors, 0 left on base; Colorado (EL) 2 - Altoona 1
BOTTOM OF THE 2ND
Altoona Curve batting - Pitching for Colorado (EL) Rockies : RHP Zach Sommer
Batting: SHB Curtis Thompson 0-0: Ground out 4-3 (Groundball, 4, EV 85.0 MPH)
Batting: LHB Phil DeCamp 0-0: Foul Ball, location: 2F
0-1: Called Strike
0-2: Foul Ball, location: 2F
0-2: Foul Ball, location: 2F
0-2: Ground out 4-3 (Groundball, 4, EV 90.0 MPH)
Batting: RHB Pleun Smit 0-0: DOUBLE (Flyball, 89D, EV 111.2 MPH)
Batting: LHB Joe Hoover 0-0: Ball
1-0: Swinging Strike
1-1: Foul Ball, location: 2F
1-2: Ball
2-2: Ball
3-2: Foul Ball, location: 2F
3-2: Strikes out swinging
Bottom of the 2nd over - 0 runs, 1 hit, 0 errors, 1 left on base; Colorado (EL) 2 - Altoona 1
TOP OF THE 3RD
Colorado (EL) Rockies batting - Pitching for Altoona Curve : LHP Phil DeCamp
Batting: RHB Scott Schwartz 0-0: SINGLE (Line Drive, 6D, EV 96.9 MPH)
Batting: RHB Zach Sommer 0-0: Swinging Strike
Scott Schwartz steals 2nd base (no throw)
0-1: Swinging Strike
0-2: Ground out 6-3 (Groundball, 6, EV 86.2 MPH)
Scott Schwartz to third
Batting: RHB Seth Daniel 0-0: Ground out 6-3 (Groundball, P, EV 80.0 MPH)
Scott Schwartz scores
Batting: LHB Paul McClintock 0-0: SINGLE (Groundball, 6MD, EV 96.2 MPH)
Batting: LHB Tim Mulholland 0-0: Ball
1-0: Ball
2-0: Ground out 1-3 (Groundball, 23, EV 69.4 MPH)
Top of the 3rd over - 1 run, 2 hits, 0 errors, 1 left on base; Colorado (EL) 3 - Altoona 1
BOTTOM OF THE 3RD
Altoona Curve batting - Pitching for Colorado (EL) Rockies : RHP Zach Sommer
Batting: RHB Jose Almonte 0-0: Called Strike
0-1: Ball
1-1: Ball
2-1: Ball
3-1: Foul Ball, location: 2F
3-2: Foul Ball, location: 2F
3-2: Ground out 3-1 (Groundball, 34, EV 87.5 MPH)
Batting: RHB Zach Chmieleski 0-0: Ball
1-0: Ball
2-0: Fly out, F9 (Flyball, 9D, EV 95.6 MPH)
Batting: SHB Mike Corley 0-0: Fly out, F9 (Line Drive, 89S, EV 92.5 MPH)
Bottom of the 3rd over - 0 runs, 0 hits, 0 errors, 0 left on base; Colorado (EL) 3 - Altoona 1
TOP OF THE 4TH
Colorado (EL) Rockies batting - Pitching for Altoona Curve : LHP Phil DeCamp
Batting: RHB Andy Schuett 0-0: Bunted foul
0-1: Ball
1-1: Swinging Strike
1-2: Strikes out swinging
Batting: LHB Jay Fenderson 0-0: Swinging Strike
0-1: Fly out, F8 (Flyball, 78D, EV 86.9 MPH)
Batting: SHB Jerry Massey 0-0: Called Strike
0-1: Ball
1-1: Ball
2-1: Fly out, F7 (Flyball, 7LD, EV 98.1 MPH)
Top of the 4th over - 0 runs, 0 hits, 0 errors, 0 left on base; Colorado (EL) 3 - Altoona 1
BOTTOM OF THE 4TH
Altoona Curve batting - Pitching for Colorado (EL) Rockies : RHP Zach Sommer
Batting: RHB John Goynes 0-0: DOUBLE (Line Drive, 5D, EV 106.2 MPH)
Batting: RHB Chris McCoy 0-0: Foul Ball, location: 2F
0-1: SINGLE (Groundball, 34S, EV 71.2 MPH) (infield hit)
John Goynes to third
Batting: SHB Curtis Thompson 0-0: Called Strike
0-1: Called Strike
0-2: Foul Ball, location: 2F
0-2: Ball
1-2: Ball
2-2: Ball
3-2: Foul Ball, location: 2F
3-2: Base on Balls
Chris McCoy to second
Batting: LHB Phil DeCamp 0-0: Called Strike
0-1: Ball
1-1: Foul Ball, location: 2F
1-2: Ball
Wild Pitch!
John Goynes scores
Chris McCoy to third
Curtis Thompson to second
2-2: Foul Ball, location: 2F
2-2: Ball
3-2: Base on Balls
Batting: RHB Pleun Smit 0-0: Called Strike
0-1: Foul Ball, location: 2F
0-2: Foul Ball, location: 2F
0-2: Ball
1-2: Ball
2-2: Foul Ball, location: 2F
2-2: Fly out, F9 (Flyball, 89M, EV 86.9 MPH)
Runner from 3rd tags up, SCORES, no throw by RF
Batting: LHB Joe Hoover 0-0: Swinging Strike
0-1: Foul Ball, location: 2F
0-2: Ball
1-2: Ball
2-2: Foul Ball, location: 2F
2-2: Fielders Choice at 2nd, 4-6 (Groundball, 4, EV 90.6 MPH)
Curtis Thompson to third
Batting: RHB Jose Almonte 0-0: Fielders Choice at 2nd, 6-4 (Groundball, 6, EV 79.4 MPH)
Bottom of the 4th over - 2 runs, 2 hits, 0 errors, 2 left on base; Colorado (EL) 3 - Altoona 3
TOP OF THE 5TH
Colorado (EL) Rockies batting - Pitching for Altoona Curve : LHP Phil DeCamp
Batting: RHB Peter Wheeler 0-0: Foul Ball, location: 2F
0-1: Ball
1-1: Called Strike
1-2: Strikes out looking
Batting: RHB Scott Schwartz 0-0: Ball
1-0: Foul Ball, location: 2F
1-1: SINGLE (Groundball, 4M, EV 109.4 MPH) (infield hit)
Batting: RHB Zach Sommer 0-0: Called Strike
0-1: Foul Ball, location: 2F
0-2: Ball
1-2: Strikes out looking
Batting: RHB Seth Daniel 0-0: Ball
1-0: Ground out 4-3 (Groundball, 4, EV 108.1 MPH)
Top of the 5th over - 0 runs, 1 hit, 0 errors, 1 left on base; Colorado (EL) 3 - Altoona 3
BOTTOM OF THE 5TH
Altoona Curve batting - Pitching for Colorado (EL) Rockies : RHP Zach Sommer
Batting: RHB Zach Chmieleski 0-0: SOLO HOME RUN (Flyball, 78XD, EV 109.4 MPH), Distance : 404 ft
Batting: SHB Mike Corley 0-0: Called Strike
0-1: Ball
1-1: Ball
2-1: Ball
3-1: Foul Ball, location: 2F
3-2: SINGLE (Flyball, 7, EV 88.8 MPH)
Batting: RHB John Goynes 0-0: Foul Ball, location: 2F
0-1: Ball
1-1: Ball
2-1: SINGLE (Line Drive, 8LS, EV 85.0 MPH)
Mike Corley to second
Batting: RHB Chris McCoy 0-0: Fielders Choice at 2nd, 5-4 (Groundball, 56, EV 86.2 MPH)
Mike Corley to third
Batting: SHB Curtis Thompson 0-0: Called Strike
0-1: Swinging Strike
0-2: Grounds into double play, 4-6-3 (Groundball, 4S, EV 84.4 MPH)
Bottom of the 5th over - 1 run, 3 hits, 0 errors, 1 left on base; Colorado (EL) 3 - Altoona 4
TOP OF THE 6TH
Colorado (EL) Rockies batting - Pitching for Altoona Curve : LHP Phil DeCamp
Batting: LHB Paul McClintock 0-0: Ball
1-0: Ball
2-0: Ball
3-0: Called Strike
3-1: Foul Ball, location: 2F
3-2: Ground out 4-3 (Groundball, 4M, EV 86.2 MPH)
Batting: LHB Tim Mulholland 0-0: Ball
1-0: Ball
2-0: Fly out, F8 (Flyball, 8LM, EV 91.9 MPH)
Batting: RHB Andy Schuett 0-0: Foul Ball, location: 2F
0-1: Foul Ball, location: 2F
0-2: Ball
1-2: Strikes out swinging
Top of the 6th over - 0 runs, 0 hits, 0 errors, 0 left on base; Colorado (EL) 3 - Altoona 4
BOTTOM OF THE 6TH
Altoona Curve batting - Pitching for Colorado (EL) Rockies : RHP Zach Sommer
Batting: LHB Phil DeCamp 0-0: Ball
1-0: Foul Ball, location: 2F
1-1: SINGLE (Flyball, 34D, EV 92.5 MPH)
Batting: RHB Pleun Smit 0-0: Ball
1-0: Ball
2-0: Called Strike
2-1: Ball
3-1: Foul Ball, location: 2F
3-2: Hit by Pitch
Phil DeCamp to second
Pitching: RHP Matt Gray
Batting: LHB Joe Hoover 0-0: Called Strike
0-1: Foul Ball, location: 2F
0-2: Ball
1-2: Ball
2-2: Fly out, F7 (Flyball, 7LSF, EV 91.2 MPH)
Batting: RHB Jose Almonte 0-0: Called Strike
0-1: Called Strike
0-2: Strikes out swinging
Batting: RHB Zach Chmieleski 0-0: Ball
1-0: Swinging Strike
1-1: Called Strike
1-2: Strikes out swinging
Bottom of the 6th over - 0 runs, 1 hit, 0 errors, 2 left on base; Colorado (EL) 3 - Altoona 4
TOP OF THE 7TH
Colorado (EL) Rockies batting - Pitching for Altoona Curve : LHP Phil DeCamp
Batting: LHB Jay Fenderson 0-0: Swinging Strike
0-1: Foul Ball, location: 2F
0-2: Strikes out swinging
Batting: SHB Jerry Massey 0-0: Ball
1-0: Called Strike
1-1: Ball
2-1: Fly out, F8 (Flyball, 8RXD, EV 105.6 MPH)
Batting: RHB Peter Wheeler 0-0: Ball
1-0: Foul Ball, location: 2F
1-1: Foul Ball, location: 2F
1-2: Foul Ball, location: 2F
1-2: Fly out, F7 (Flyball, 78M, EV 90.6 MPH)
Top of the 7th over - 0 runs, 0 hits, 0 errors, 0 left on base; Colorado (EL) 3 - Altoona 4
BOTTOM OF THE 7TH
Altoona Curve batting - Pitching for Colorado (EL) Rockies : RHP Matt Gray
Batting: SHB Mike Corley 0-0: Ball
1-0: Ball
2-0: Foul Ball, location: 2F
2-1: Ball
3-1: Ground out 6-3 (Groundball, 6MS, EV 85.6 MPH)
Batting: RHB John Goynes 0-0: Swinging Strike
0-1: Ball
1-1: Ball
2-1: Ball
3-1: SINGLE (Groundball, 56D, EV 104.4 MPH)
Batting: RHB Chris McCoy 0-0: Called Strike
0-1: Foul Ball, location: 2F
0-2: Ball
1-2: Ball
2-2: Ball
3-2: Base on Balls
John Goynes to second
Batting: SHB Curtis Thompson 0-0: Called Strike
0-1: Swinging Strike
0-2: Foul Ball, location: 2F
0-2: Strikes out swinging
Pitching: RHP James Bitner
Batting: LHB Phil DeCamp 0-0: Ball
1-0: Ball
2-0: Called Strike
2-1: Ball
3-1: Called Strike
3-2: Base on Balls
John Goynes to third
Chris McCoy to second
Batting: RHB Pleun Smit 0-0: Called Strike
0-1: Foul Ball, location: 2F
0-2: Ground out U3 (Groundball, 23, EV 94.4 MPH)
Bottom of the 7th over - 0 runs, 1 hit, 0 errors, 3 left on base; Colorado (EL) 3 - Altoona 4
TOP OF THE 8TH
Colorado (EL) Rockies batting - Pitching for Altoona Curve : LHP Phil DeCamp
Batting: RHB Scott Schwartz 0-0: Fly out, F8 (Flyball, 8LM, EV 95.6 MPH)
Batting: RHB Zach Sommer 0-0: Ball
1-0: Called Strike
1-1: Called Strike
1-2: SINGLE (Groundball, 56, EV 108.1 MPH) (infield hit)
Batting: RHB Seth Daniel 0-0: Called Strike
0-1: Swinging Strike
0-2: Ball
1-2: Fly out, F9 (Flyball, 9S, EV 71.2 MPH)
Batting: LHB Paul McClintock 0-0: Called Strike
0-1: Foul Ball, location: 2F
0-2: Ball
1-2: Foul Ball, location: 2F
1-2: Foul Ball, location: 2F
1-2: Strikes out swinging
Top of the 8th over - 0 runs, 1 hit, 0 errors, 1 left on base; Colorado (EL) 3 - Altoona 4
BOTTOM OF THE 8TH
Altoona Curve batting - Pitching for Colorado (EL) Rockies : RHP James Bitner
Batting: LHB Joe Hoover 0-0: Ball
1-0: Swinging Strike
1-1: Called Strike
1-2: Ball
2-2: Strikes out swinging
Batting: RHB Jose Almonte 0-0: Called Strike
0-1: Called Strike
0-2: Ball
1-2: Strikes out swinging
Batting: RHB Zach Chmieleski 0-0: Ball
1-0: Foul Ball, location: 2F
1-1: Ball
2-1: Foul Ball, location: 2F
2-2: Foul Ball, location: 2F
2-2: Ball
3-2: Base on Balls
Batting: SHB Mike Corley 0-0: Ball
1-0: Called Strike
1-1: Ball
2-1: Swinging Strike
2-2: Strikes out swinging
Bottom of the 8th over - 0 runs, 0 hits, 0 errors, 1 left on base; Colorado (EL) 3 - Altoona 4
TOP OF THE 9TH
Colorado (EL) Rockies batting - Pitching for Altoona Curve : LHP Phil DeCamp
Pitching: RHP Robby Poyfair
Now at 1B: Terry Sutherland
Now in LF: Jordan Robinson
Batting: LHB Tim Mulholland 0-0: Ball
1-0: Ball
2-0: Ball
3-0: Base on Balls
Batting: RHB Andy Schuett 0-0: Sac Bunt to 15 - play at first, batter OUT! 1-3
Tim Mulholland to second
Batting: LHB Jay Fenderson 0-0: Called Strike
0-1: SINGLE (Groundball, 4MD, EV 109.4 MPH)
Tim Mulholland to third
Runner from 3rd tries for Home, SAFE, throw by CF to home
Jay Fenderson to second
Batting: SHB Jerry Massey 0-0: Intentional Walk
Pinch Hitting: LHB Chris Morgan 0-0: Ball
1-0: Fly out, F7 (Flyball, 7, EV 95.0 MPH)
Batting: RHB Scott Schwartz 0-0: Ball
Wild Pitch!
Jay Fenderson to third
Jerry Massey to second
1-0: Called Strike
1-1: Ball
2-1: Ground out 6-3 (Groundball, 6S, EV 86.2 MPH)
Top of the 9th over - 1 run, 1 hit, 0 errors, 2 left on base; Colorado (EL) 4 - Altoona 4
BOTTOM OF THE 9TH
Altoona Curve batting - Pitching for Colorado (EL) Rockies : RHP James Bitner
Pitching: RHP Jon Baily
Now at C: Justin Long
Batting: RHB John Goynes 0-0: Called Strike
0-1: Foul Ball, location: 2F
0-2: Ball
1-2: Ball
2-2: Ground out 4-3 (Groundball, 4, EV 91.9 MPH)
Batting: RHB Chris McCoy 0-0: Foul Ball, location: 2F
0-1: Ball
1-1: Ground out U3 (Groundball, 34S, EV 83.8 MPH)
Batting: SHB Curtis Thompson 0-0: Ball
1-0: Ground out 5-3 (Groundball, 56, EV 103.8 MPH)
Bottom of the 9th over - 0 runs, 0 hits, 0 errors, 0 left on base; Colorado (EL) 4 - Altoona 4
TOP OF THE 10TH
Colorado (EL) Rockies batting - Pitching for Altoona Curve : RHP Robby Poyfair
Pitching: RHP Hugo Rodriguez
Batting: SHB Jamie Mims 0-0: Called Strike
0-1: Foul Ball, location: 2F
0-2: Ball
1-2: Foul Ball, location: 2F
1-2: Strikes out looking
Batting: RHB Seth Daniel 0-0: Called Strike
0-1: Ball
1-1: Ball
2-1: Ball
3-1: Called Strike
3-2: Base on Balls
Batting: LHB Paul McClintock 0-0: Ball
1-0: Ball
2-0: Foul Ball, location: 2F
2-1: DOUBLE (Line Drive, 9LM, EV 108.1 MPH)
Seth Daniel to third
Runner from 3rd tries for Home, SAFE, no throw by RF
Batting: LHB Tim Mulholland 0-0: Intentional Walk
Batting: RHB Andy Schuett 0-0: SINGLE (Line Drive, 4M, EV 104.4 MPH)
Paul McClintock to third
Tim Mulholland to second
Batting: LHB Jay Fenderson 0-0: DOUBLE (Flyball, 89D, EV 115.6 MPH)
Paul McClintock scores
Tim Mulholland scores
Andy Schuett to third
Runner from 3rd tries for Home, SAFE, throw by RF to trailing runner, SAFE at third!
Pitching: RHP David Winstead
Batting: SHB Jerry Massey 0-0: Called Strike
0-1: Foul Ball, location: 2F
0-2: Ball
1-2: Foul Ball, location: 2F
1-2: Foul Ball, location: 2F
1-2: Ball
2-2: Foul Ball, location: 2F
2-2: Foul Ball, location: 2F
2-2: Ball
3-2: Foul Ball, location: 2F
3-2: Foul Ball, location: 2F
3-2: Fly out, F7 (Flyball, 7, EV 89.4 MPH)
Runner from 3rd tags up, SCORES, no throw by LF
Batting: LHB Justin Long 0-0: Ground out 3-1 (Groundball, 34S, EV 91.2 MPH)
Top of the 10th over - 5 runs, 3 hits, 0 errors, 0 left on base; Colorado (EL) 9 - Altoona 4
BOTTOM OF THE 10TH
Altoona Curve batting - Pitching for Colorado (EL) Rockies : RHP Jon Baily
Batting: LHB Phil DeCamp 0-0: Called Strike
0-1: Ball
1-1: Ball
2-1: Ball
3-1: Called Strike
3-2: Ground out 6-3 (Groundball, 6, EV 85.0 MPH)
Batting: RHB Pleun Smit 0-0: Ball
1-0: Ball
2-0: Called Strike
2-1: Ball
3-1: Called Strike
3-2: Base on Balls
Batting: LHB Joe Hoover 0-0: Called Strike
0-1: Grounds out, U3 (Groundball, 3L, EV 101.2 MPH)
Batting: RHB Terry Sutherland 0-0: Ball
1-0: Called Strike
1-1: Ball
2-1: Ball
3-1: Swinging Strike
3-2: Foul Ball, location: 2F
3-2: Base on Balls
Batting: RHB Jordan Robinson 0-0: Ball
1-0: Called Strike
1-1: Ball
2-1: Ball
3-1: Called Strike
3-2: Ground out 4-3 (Groundball, 4, EV 102.5 MPH)
Bottom of the 10th over - 0 runs, 0 hits, 0 errors, 2 left on base; Colorado (EL) 9 - Altoona 4
Thursday, December 15th , 2022 - OOTP Baseball 23.9 Build 102